General information
- name: BNet
- type: Ladder 1vs1/FFA
- host: Battle.net
- saver: Throne[BeA]
map: TwistedMeadows
- players: 2
- length: 21:04
- speed: Fast
- version: 1.26 W3XP
- replay type: Public
» download(98 KB)
Players
team 1 (loser)
Throne[BeA] (
yellow | 133 APM | 2814 actions | 21:04)
4 Blademaster
2 Wind Walk
2 Critical Strike
3 Shadow Hunter
1 Hex
2 Healing Wave
» actions
| Assign group hotkey | 24 | |
| Basic commands | 1 | |
| Build / train | 90 | |
| ESC pressed | 5 | |
| Enter build submenu | 23 | |
| Enter hero's abilities submenu | 7 | |
| Give item / drop item | 6 | |
| Right click | 1371 | |
| Select / deselect | 500 | |
| Select group hotkey | 594 | |
| Use ability | 193 | |
2814 total
» units
» upgrades
| Berserker Strength | 1 | |
| Ensnare | 1 | |
| Spiked Barricades | 1 | |
| Reinforced Defenses | 1 | |
| Pillage | 1 | |
5 total
» buildings
| Altar of Storms | 1 | |
| Orc Burrow | 4 | |
| Barracks | 1 | |
| Voodoo Lounge | 1 | |
| Stronghold | 5 | |
| War Mill | 1 | |
| Watch Tower | 13 | |
| Beastiary | 1 | |
| Spirit Lodge | 1 | |
| Fortress | 1 | |
29 total
» build order
00:03 Altar of Storms
00:20 Orc Burrow
00:36 Barracks
01:35 Orc Burrow
02:00 Voodoo Lounge
02:54 Stronghold
02:54 Stronghold
02:55 Stronghold
03:22 War Mill
04:49 Watch Tower
06:09 Beastiary
06:11 Watch Tower
07:02 Orc Burrow
10:05 Spirit Lodge
10:28 Watch Tower
12:11 Fortress
12:14 Watch Tower
13:32 Watch Tower
13:57 Watch Tower
15:01 Watch Tower
15:01 Watch Tower
15:02 Watch Tower
15:40 Orc Burrow
15:50 Watch Tower
17:34 Watch Tower
18:08 Watch Tower
18:09 Watch Tower
» items
| Circlet of Nobility | 4 | |
| Healing Salve | 7 | |
| Lesser Clarity Potion | 9 | |
| Scroll of Speed | 4 | |
| Boots of Speed | 1 | |
| Staff of Teleportation | 1 | |
| Potion of Healing | 3 | |
| Potion of Lesser Invulnerability | 1 | |
| Scroll of Town Portal | 5 | |
| Potion of Mana | 1 | |
36 total
team 2 (winner)
Kayo[GGL] (
blue | 274 APM | 5778 actions | 21:04)
3 Far Seer
2 Feral Spirit
1 Chain Lighting
4 Firelord
2 Summon Lava Spawn
2 Soul Burn
» actions
| Assign group hotkey | 53 | |
| Basic commands | 26 | |
| Build / train | 79 | |
| Enter build submenu | 14 | |
| Enter hero's abilities submenu | 7 | |
| Give item / drop item | 6 | |
| Right click | 1159 | |
| Select / deselect | 954 | |
| Select group hotkey | 3326 | |
| Use ability | 154 | |
5778 total
» units
| Peon | 12 | |
| Grunt | 5 | |
| Raider | 6 | |
| Kodo Beast | 5 | |
| Demolisher | 1 | |
29 total
» upgrades
| Berserker Strength | 1 | |
| Pillage | 1 | |
| Ensnare | 1 | |
| Melee Weapons | 2 | |
| Armor | 3 | |
| War Drums Damage Increase | 1 | |
| Reinforced Defenses | 1 | |
| Burning Oil | 1 | |
11 total
» buildings
| Altar of Storms | 1 | |
| Orc Burrow | 6 | |
| Stronghold | 1 | |
| Barracks | 1 | |
| Voodoo Lounge | 1 | |
| Beastiary | 1 | |
| War Mill | 1 | |
| Fortress | 1 | |
| Watch Tower | 2 | |
15 total
» build order
00:06 Altar of Storms
00:18 Orc Burrow
02:07 Stronghold
02:16 Barracks
02:34 Orc Burrow
02:38 Orc Burrow
02:51 Voodoo Lounge
05:10 Beastiary
09:09 Orc Burrow
09:11 War Mill
12:00 Orc Burrow
13:05 Fortress
15:18 Orc Burrow
15:52 Watch Tower
15:55 Watch Tower
» items
| Dust of Appearance | 3 | |
| Boots of Speed | 3 | |
| Healing Salve | 4 | |
| Scroll of Speed | 3 | |
| Lesser Clarity Potion | 5 | |
| Scroll of Protection | 1 | |
| Scroll of Healing | 4 | |
| Potion of Lesser Invulnerability | 1 | |
| Scroll of Town Portal | 3 | |
| Tiny Great Hall | 1 | |
28 total
Chat log
(00:06 / All) Throne[BeA]: im ashamed kayo
(00:09 / All) Throne[BeA]: this is a new low
(00:13 / All) Throne[BeA]: i thought ownu was bad enough
(00:14 / All) Throne[BeA]: now ggl
(00:15 / All) Throne[BeA]: rofl
(00:37 / All) Kayo[GGL]: do i know u?
(00:41 / All) Throne[BeA]: nick
(00:51 / All) Throne[BeA]: raped you 11 times and counting
(04:55 / All) Throne[BeA]: mega luck
(16:52 / All) Throne[BeA]: lol
(16:54 / All) Throne[BeA]: you closet hacker you
(21:03 / All) Throne[BeA]: search again